 Dungeon Crawl Stone Soup version 0.20-a0-556-g892c87b (webtiles) character file.

216 tyvek the Ruffian (level 5, -4/40 HPs)
             Began as a Draconian Transmuter on Feb 5, 2017.
             Slain by Cwatson2141's ghost (11 damage)
             ... on level 3 of the Dungeon.
             The game lasted 00:09:35 (3451 turns).

tyvek the Ruffian (Draconian Transmuter)            Turns: 3451, Time: 00:09:36

Health: -4/40      AC:  5    Str: 14    XL:     5   Next: 61%
Magic:  2/8        EV: 12    Int: 13    God:
Gold:   175        SH:  0    Dex: 11    Spells: 2/8 levels left

rFire    . . .     SeeInvis .     - Unarmed
rCold    . . .     Gourm    .   (armour unavailable)
rNeg     . . .     Faith    .   (no shield)
rPois    .         Spirit   .   (helmet restricted)
rElec    .         Reflect  .   (no cloak)
rCorr    .         Harm     .   (no gloves)
MR       +....                  (no boots)
Stlth    +.........             (no amulet)
Regen    0.2/turn               (no ring)
                                M - ring of protection from magic

@: no status effects
A: unfitting armour, cold-blooded, AC +5
a: no special abilities


You were on level 3 of the Dungeon.
You were not hungry.

You visited 1 branch of the dungeon, and saw 3 of its levels.

You collected 175 gold pieces.


Innate Abilities, Weirdness & Mutations

Your plain brown scales are hard. (AC +5)
You cannot fit into any form of body armour.
You are cold-blooded and may be slowed by cold attacks.


   Skills:
 - Level 1.1 Fighting
 - Level 1.7 Dodging
 * Level 5.1 Unarmed Combat
 - Level 2.0 Spellcasting
 + Level 3.5 Transmutations
 + Level 1.9 Poison Magic


You had 2 spell levels left.
You knew the following spells:

 Your Spells              Type           Power        Failure   Level  Hunger
p - Spider Form           Tmut/Pois      #.........   28%         3    ####...
t - Sticks to Snakes      Tmut           ##......     10%         2    ###....
z - Beastly Appendage     Tmut           ##....       8%          1    ##.....

Inventory:

Missiles
 a - 43 arrows
Jewellery
 m - an uncursed ring of protection from magic
 M - a ring of protection from magic (left hand)
Scrolls
 e - a scroll of fog {unknown}
 g - a scroll of enchant weapon
 h - a scroll of amnesia
 k - a scroll of remove curse {@r2}
Potions
 d - 2 potions of curing {@q1}
 i - a potion of flight {unknown}
 j - 2 potions of haste {@q3}
 l - a potion of degeneration {unknown}
Books
 b - a book of Changes

   Spells                             Type                      Level
   a - Beastly Appendage              Transmutation                1
   b - Sticks to Snakes               Transmutation                2
   c - Spider Form                    Transmutation/Poison         3
   d - Ice Form                       Ice/Transmutation            4
   e - Blade Hands                    Transmutation                5
Comestibles
 c - 5 bread rations {@e1}
 f - 11 chunks of flesh

Dungeon Overview and Level Annotations

Branches:
Dungeon (3/15)

Altars:
Elyvilon
Makhleb
The Shining One

Annotations:
D:3 Cwatson2141's ghost, amateur HuFi

#.# #.# #.#####.#
#.##....# #.##.####
#.##.#######
#)##........
###.##..######
#.<.....#
#@###.>.##### #.W.#
#.......#
#.#.###...###.#
#.#.....>.###.###
###.###...........#
#####...#
###.....#.#..... #
#...#.#.#
#.......#.#####. #
#.#.._..#
#.#.....#.# #
#.###.###
#.##....#.#####


You could see Cwatson2141's ghost.


Message History

Unknown command.
Cwatson2141's ghost is nearby!
Unknown command.
There is an escape hatch in the ceiling, spattered with blood here.
Things that are here:
a hand axe; a chain mail; the human skeleton of Terence Cwatson2141's ghost closely misses you.
You completely miss Cwatson2141's ghost.
Cwatson2141's ghost barely misses you.
You hit Cwatson2141's ghost.
Cwatson2141's ghost is lightly damaged.
Cwatson2141's ghost closely misses you.
You hit Cwatson2141's ghost but do no damage.
Cwatson2141's ghost is lightly damaged.
Cwatson2141's ghost hits you.
* * * LOW HITPOINT WARNING * * *
You hit Cwatson2141's ghost.
Cwatson2141's ghost is moderately damaged.
Cwatson2141's ghost hits you!
* * * LOW HITPOINT WARNING * * *
You hit Cwatson2141's ghost.
Cwatson2141's ghost is moderately damaged.
Cwatson2141's ghost hits you but does no damage.
You hit Cwatson2141's ghost but do no damage.
Cwatson2141's ghost is moderately damaged.
You hit Cwatson2141's ghost.
Cwatson2141's ghost is heavily damaged.
Your transformation has ended.
Cwatson2141's ghost hits you!
You die...

Skill      XL: |  1  2  3  4  5 |
---------------+----------------+-----
Unarmed Combat | 4 5 |  5.1
Transmutations | 3 |  3.5
Poison Magic   | 1 |  1.9
Fighting       | |  1.1
Dodging        | |  1.7
Spellcasting   | |  2.0

Action                   |  1- 3 |  4- 6 || total
-------------------------+-------+-------++-------
Melee: Unarmed           |   106 |   149 ||   255
       Tailslap          |     6 |     9 ||    15
       Kick              |     5 |     5 ||    10
       Headbutt          |     3 |    10 ||    13
       Punch             |       |     4 ||     4
 Cast: Beastly Appendage |    15 |    23 ||    38
       Sticks to Snakes  |     1 |    10 ||    11
       Spider Form       |       |     1 ||     1
  Use: Scroll            |     8 |       ||     8
       Potion            |       |     1 ||     1
 Stab: Distracted        |     1 |       ||     1
       Sleeping          |       |     1 ||     1
  Eat: Chunk             |     2 |     4 ||     6
       Bread ration      |       |     1 ||     1
Armor: Skin              |    49 |    39 ||    88
Dodge: Dodged            |    86 |    85 ||   171

Vault maps used:
D:1:      roderic_dead_forest, minmay_split_cup_large
D:2:      makhleb_blood_cavern_becter, first_bread, minmay_misc_feat_encased
D:3:      lemuel_crystal_altar, elyvilon_altar_5, uniq_terence

Notes
Turn   | Place    | Note
-------+----------+-------------------------------------------
     0 | D:1      | tyvek the Draconian Transmuter began the quest for the Orb.
     0 | D:1      | Reached XP level 1. HP: 16/16 MP: 3/3
    94 | D:1      | Reached XP level 2. HP: 23/23 MP: 5/5
   194 | D:1      | Learned a level 2 spell: Sticks to Snakes
   399 | D:1      | Reached XP level 3. HP: 20/28 MP: 4/6
   464 | D:1      | Learned a level 3 spell: Spider Form
   893 | D:2      | Reached skill level 4 in Unarmed Combat
  1567 | D:2      | Reached skill level 3 in Transmutations
  1575 | D:2      | Reached XP level 4. HP: 34/35 MP: 7/7
  1924 | D:2      | Found a burning altar of Makhleb.
  1931 | D:2      | Reached skill level 1 in Poison Magic
  1979 | D:2      | Reached XP level 5. HP: 29/40 MP: 6/8
  2259 | D:3      | Found a white marble altar of Elyvilon.
  2282 | D:3      | Noticed Cwatson2141's ghost (amateur HuFi)
  2817 | D:3      | HP: 2/40 [Cwatson2141's ghost (14)]
  3264 | D:3      | Found a glowing golden altar of the Shining One.
  3285 | D:3      | Reached skill level 5 in Unarmed Combat
  3369 | D:3      | Noticed Terence
  3399 | D:3      | HP: 4/40 [orc/whip (8)]
  3432 | D:3      | Killed Terence
  3451 | D:3      | Slain by Cwatson2141's ghost

Vanquished Creatures
  A hound (D:2)
  Terence (D:3)
  A worker ant zombie (D:3)
  6 adders
  2 oozes (D:1)
  2 dart slugs (D:1)
  4 leopard geckos
  4 orcs (D:3)
  A ball python (D:1)
  4 giant cockroaches
  4 hobgoblins
  11 jackals
  A quokka (D:3)
  8 bats
  4 frilled lizards
  7 goblins
  7 kobolds
  8 rats
76 creatures vanquished.

Vanquished Creatures (collateral kills)
  An orc (D:3)
1 creature vanquished.

Grand Total: 77 creatures vanquished
